[ AOE2 MATCH · #507372218 ]
UnrankedSaracens vs Shu
Player's team · LOSS
Rival team · WIN
[ REPLAY ANALYSIS · EXTRACTED FROM THE RECORDED GAME ]
Feudal
11:50
Castle
24:37
Imperial
—
| APM avg | 73.2 |
| APM peak | 96 |
| eAPM avg | 28.4 |
| Villagers / military | 134 / 94 |
Focus
⚔️ 37.0% · 🌾 63.0%
Skirmisher ×50 · Knight ×16 · Camel Scout ×12 · Scout Cavalry ×5 · Archer ×4 · Monk ×3
Feudal
10:42
Castle
23:04
Imperial
39:28
| APM avg | 172.3 |
| APM peak | 323 |
| eAPM avg | 117.1 |
| Villagers / military | 110 / 126 |
Focus
⚔️ 85.1% · 🌾 14.9%
Archer ×61 · Skirmisher ×37 · Militia ×11 · Mangonel ×9 · Unknown (1944) ×6 · Scout Cavalry ×5
Match map
Initial resources + every placement click. Lines = walls · curves = elevation contours. ◆ gold · ⬟ stone · ● berries · ✦ relic · ◌ wall gap
Your base· Open — unwalled flank
DS_StonePleaseAoE's base· Open — 2t gap
Smoothed initial terrain · ◌ = detected wall gap · hover for details
Inputs per minute
— Gabi - - DS_StonePleaseAoE
Build order — Gabi
First 150 of 361 actions detected
| 0:01 | Create | Villager (Male) |
| 0:02 | Build | House |
| 0:03 | Build | House |
| 0:13 | Create | Villager (Male) |
| 0:28 | Create | Villager (Male) |
| 0:59 | Create | Villager (Male) |
| 1:34 | Create | Villager (Male) |
| 2:01 | Create | Villager (Male) |
| 2:08 | Build | Barracks |
| 2:14 | Build | Barracks |
| 2:30 | Create | Villager (Male) |
| 2:48 | Create | Villager (Male) |
| 2:58 | Research | Loom |
| 3:11 | Create | Militia |
| 3:28 | Create | Militia |
| 3:53 | Create | Villager (Male) |
| 3:54 | Build | House |
| 4:01 | Create | Militia |
| 4:16 | Create | Villager (Male) |
| 5:01 | Build | House |
| 5:05 | Create | Villager (Male) |
| 5:06 | Create | Villager (Male) |
| 5:06 | Create | Villager (Male) |
| 5:24 | Create | Villager (Male) |
| 5:42 | Create | Villager (Male) |
| 6:39 | Create | Villager (Male) |
| 6:46 | Build | Lumber Camp |
| 7:02 | Create | Villager (Male) |
| 7:06 | Create | Villager (Male) |
| 7:55 | Create | Villager (Male) |
| 8:12 | Create | Villager (Male) |
| 8:15 | Build | Palisade Wall |
| 8:17 | Build | Palisade Wall |
| 8:19 | Build | Palisade Wall |
| 8:20 | Build | Palisade Wall |
| 8:21 | Create | Villager (Male) |
| 8:30 | Create | Villager (Male) |
| 8:57 | Create | Villager (Male) |
| 9:08 | Build | Mill |
| 9:37 | Research | Feudal Age |
| 10:00 | Build | Farm |
| 10:05 | Build | House |
| 11:05 | Build | House |
| 11:15 | Build | Palisade Wall |
| 11:36 | Build | Palisade Wall |
| 11:50 | Age | Feudal Age |
| 11:51 | Create | Villager (Male) |
| 11:52 | Create | Villager (Male) |
| 11:53 | Build | Stable |
| 11:57 | Build | Farm |
| 12:00 | Research | Double-Bit Axe |
| 12:01 | Create | Villager (Male) |
| 12:03 | Build | House |
| 12:07 | Build | Palisade Wall |
| 12:15 | Build | House |
| 12:16 | Create | Villager (Male) |
| 12:25 | Build | Palisade Wall |
| 12:29 | Build | Farm |
| 12:31 | Create | Villager (Male) |
| 12:38 | Build | House |
| 12:40 | Create | Scout Cavalry |
| 12:40 | Create | Scout Cavalry |
| 12:45 | Create | Villager (Male) |
| 12:49 | Build | Palisade Wall |
| 12:55 | Build | Palisade Wall |
| 12:58 | Create | Villager (Male) |
| 12:58 | Build | Palisade Wall |
| 13:05 | Build | Palisade Wall |
| 13:06 | Build | Palisade Wall |
| 13:09 | Build | Farm |
| 13:12 | Build | Farm |
| 13:17 | Build | House |
| 13:18 | Create | Villager (Male) |
| 13:38 | Build | Farm |
| 13:45 | Create | Villager (Male) |
| 13:55 | Build | Palisade Wall |
| 13:58 | Create | Scout Cavalry |
| 14:00 | Build | Farm |
| 14:11 | Create | Scout Cavalry |
| 14:18 | Create | Villager (Male) |
| 14:23 | Build | Archery Range |
| 14:39 | Build | Farm |
| 14:57 | Build | Farm |
| 15:05 | Create | Villager (Male) |
| 15:06 | Create | Scout Cavalry |
| 15:06 | Create | Villager (Male) |
| 15:16 | Create | Skirmisher |
| 15:25 | Create | Villager (Male) |
| 15:27 | Build | Farm |
| 15:29 | Build | Farm |
| 15:37 | Create | Skirmisher |
| 15:48 | Build | Farm |
| 15:50 | Create | Villager (Male) |
| 16:00 | Create | Skirmisher |
| 16:01 | Create | Villager (Male) |
| 16:09 | Build | House |
| 16:19 | Create | Skirmisher |
| 16:21 | Create | Villager (Male) |
| 16:25 | Create | Villager (Male) |
| 16:34 | Create | Villager (Male) |
| 16:37 | Create | Villager (Male) |
| 16:47 | Create | Villager (Male) |
| 17:04 | Create | Villager (Male) |
| 17:13 | Build | Farm |
| 17:23 | Create | Villager (Male) |
| 17:28 | Create | Villager (Male) |
| 17:33 | Build | Blacksmith |
| 17:35 | Create | Skirmisher |
| 17:36 | Create | Skirmisher |
| 17:41 | Create | Villager (Male) |
| 17:45 | Create | Villager (Male) |
| 17:55 | Build | Mining Camp |
| 18:15 | Create | Skirmisher |
| 18:16 | Create | Villager (Male) |
| 18:21 | Research | Padded Archer Armor |
| 18:22 | Create | Villager (Male) |
| 18:22 | Create | Villager (Male) |
| 18:27 | Build | Lumber Camp |
| 18:34 | Create | Villager (Male) |
| 18:35 | Build | House |
| 18:46 | Create | Villager (Male) |
| 18:52 | Research | Fletching |
| 18:59 | Create | Villager (Male) |
| 19:10 | Create | Spearman |
| 19:25 | Create | Villager (Male) |
| 19:32 | Create | Villager (Male) |
| 19:39 | Create | Skirmisher |
| 19:39 | Create | Skirmisher |
| 19:50 | Create | Archer |
| 20:22 | Create | Villager (Male) |
| 20:23 | Build | Market |
| 20:36 | Build | Farm |
| 20:44 | Build | Farm |
| 20:45 | Create | Archer |
| 20:46 | Create | Villager (Male) |
| 21:09 | Create | Archer |
| 21:10 | Build | Archery Range |
| 21:24 | Build | Palisade Wall |
| 21:42 | Build | House |
| 21:48 | Create | Archer |
| 21:49 | Build | Watch Tower |
| 21:57 | Research | Castle Age |
| 22:00 | Create | Skirmisher |
| 22:17 | Build | House |
| 22:18 | Build | House |
| 22:32 | Create | Skirmisher |
| 22:33 | Create | Villager (Male) |
| 22:39 | Create | Villager (Male) |
| 22:51 | Create | Skirmisher |
| 22:51 | Create | Skirmisher |
Build order — DS_StonePleaseAoE
First 150 of 399 actions detected
| 0:00 | Create | Villager (Male) |
| 0:00 | Create | Villager (Male) |
| 0:01 | Create | Villager (Male) |
| 0:02 | Build | House |
| 0:04 | Build | House |
| 0:56 | Create | Villager (Male) |
| 0:56 | Create | Villager (Male) |
| 1:23 | Create | Villager (Male) |
| 1:41 | Build | House |
| 1:54 | Create | Villager (Male) |
| 2:23 | Create | Villager (Male) |
| 2:30 | Build | Barracks |
| 2:42 | Create | Villager (Male) |
| 3:15 | Create | Villager (Male) |
| 3:24 | Build | House |
| 3:26 | Create | Militia |
| 3:38 | Create | Villager (Male) |
| 3:59 | Build | House |
| 4:05 | Create | Militia |
| 4:08 | Create | Villager (Male) |
| 4:14 | Create | Militia |
| 4:15 | Create | Militia |
| 4:37 | Create | Villager (Male) |
| 4:39 | Create | Militia |
| 4:55 | Create | Villager (Male) |
| 5:08 | Create | Militia |
| 5:17 | Create | Villager (Male) |
| 5:51 | Create | Villager (Male) |
| 6:20 | Create | Villager (Male) |
| 6:30 | Create | Villager (Male) |
| 6:42 | Build | Lumber Camp |
| 6:59 | Create | Militia |
| 7:08 | Create | Villager (Male) |
| 7:29 | Create | Villager (Male) |
| 7:46 | Build | House |
| 7:48 | Research | Loom |
| 8:32 | Research | Feudal Age |
| 9:05 | Build | Mining Camp |
| 9:34 | Build | Mill |
| 9:35 | Create | Militia |
| 9:35 | Create | Militia |
| 10:04 | Create | Militia |
| 10:12 | Create | Militia |
| 10:20 | Build | Palisade Wall |
| 10:25 | Create | Villager (Male) |
| 10:42 | Age | Feudal Age |
| 10:45 | Create | Villager (Male) |
| 10:48 | Build | Archery Range |
| 11:06 | Research | Man-at-Arms (upgrade) |
| 11:12 | Research | Double-Bit Axe |
| 11:12 | Research | Double-Bit Axe |
| 11:17 | Build | House |
| 11:24 | Create | Villager (Male) |
| 11:25 | Build | Farm |
| 11:27 | Build | Farm |
| 11:41 | Build | House |
| 11:52 | Create | Villager (Male) |
| 11:56 | Create | Archer |
| 12:03 | Build | Farm |
| 12:08 | Create | Villager (Male) |
| 12:09 | Create | Archer |
| 12:20 | Build | Farm |
| 12:23 | Create | Villager (Male) |
| 12:27 | Build | House |
| 12:31 | Create | Archer |
| 12:49 | Create | Villager (Male) |
| 13:04 | Create | Villager (Male) |
| 13:08 | Build | Blacksmith |
| 13:09 | Create | Archer |
| 13:16 | Build | Farm |
| 13:25 | Create | Spearman |
| 13:26 | Create | Villager (Male) |
| 13:46 | Create | Archer |
| 13:55 | Create | Villager (Male) |
| 13:56 | Build | Farm |
| 13:58 | Create | Archer |
| 14:01 | Build | House |
| 14:11 | Research | Fletching |
| 14:13 | Create | Villager (Male) |
| 14:15 | Build | Farm |
| 14:29 | Build | Farm |
| 14:37 | Build | House |
| 14:41 | Create | Archer |
| 14:49 | Create | Villager (Male) |
| 14:54 | Build | Palisade Wall |
| 14:59 | Create | Archer |
| 15:03 | Build | House |
| 15:07 | Build | House |
| 15:16 | Build | Palisade Wall |
| 15:20 | Build | Palisade Wall |
| 15:26 | Build | Farm |
| 15:26 | Create | Villager (Male) |
| 15:32 | Research | Arson |
| 15:42 | Create | Villager (Male) |
| 15:44 | Create | Archer |
| 15:47 | Create | Spearman |
| 15:53 | Research | Scale Mail Armor |
| 15:57 | Build | Farm |
| 16:01 | Create | Villager (Male) |
| 16:10 | Build | Farm |
| 16:12 | Create | Archer |
| 16:19 | Create | Villager (Male) |
| 16:38 | Create | Villager (Male) |
| 16:44 | Create | Archer |
| 16:53 | Build | Lumber Camp |
| 16:59 | Create | Villager (Male) |
| 17:12 | Create | Archer |
| 17:32 | Build | Stable |
| 17:38 | Create | Archer |
| 17:47 | Build | Farm |
| 18:00 | Create | Archer |
| 18:10 | Create | Villager (Male) |
| 18:21 | Build | Farm |
| 18:21 | Build | Farm |
| 18:25 | Create | Scout Cavalry |
| 18:25 | Create | Scout Cavalry |
| 18:28 | Build | Farm |
| 18:31 | Create | Villager (Male) |
| 18:45 | Build | Farm |
| 18:59 | Create | Villager (Male) |
| 19:01 | Create | Archer |
| 19:06 | Build | Palisade Wall |
| 19:17 | Build | House |
| 19:19 | Build | Palisade Wall |
| 19:34 | Create | Villager (Male) |
| 20:24 | Research | Castle Age |
| 20:45 | Build | Mining Camp |
| 20:51 | Create | Archer |
| 20:54 | Build | Archery Range |
| 20:57 | Build | Archery Range |
| 21:01 | Create | Scout Cavalry |
| 21:27 | Build | House |
| 21:29 | Create | Archer |
| 21:29 | Create | Archer |
| 21:30 | Research | Gold Mining |
| 21:36 | Create | Scout Cavalry |
| 21:38 | Research | Horse Collar |
| 21:56 | Build | House |
| 21:58 | Build | Farm |
| 22:01 | Create | Archer |
| 22:01 | Create | Archer |
| 22:05 | Build | Farm |
| 22:06 | Build | Farm |
| 22:14 | Research | Padded Archer Armor |
| 22:38 | Create | Scout Cavalry |
| 22:40 | Create | Archer |
| 22:42 | Create | Archer |
| 22:42 | Create | Archer |
| 22:46 | Build | Farm |
| 22:47 | Build | Farm |
Match timeline
| 2:08 | Gabi · first_building Barracks |
| 2:30 | DS_StonePleaseAoE · first_building Barracks |
| 8:15 | Gabi · wall_segment Palisade Wall x1 |
| 8:17 | Gabi · wall_segment Palisade Wall x1 |
| 8:19 | Gabi · wall_segment Palisade Wall x1 |
| 8:20 | Gabi · wall_segment Palisade Wall x1 |
| 10:20 | DS_StonePleaseAoE · wall_segment Palisade Wall x5 |
| 10:42 | DS_StonePleaseAoE · age_up feudal |
| 10:48 | DS_StonePleaseAoE · first_building Archery Range |
| 11:15 | Gabi · wall_segment Palisade Wall x1 |
| 11:36 | Gabi · wall_segment Palisade Wall x2 |
| 11:50 | Gabi · age_up feudal |
| 11:53 | Gabi · first_building Stable |
| 12:07 | Gabi · wall_segment Palisade Wall x7 |
| 12:25 | Gabi · wall_segment Palisade Wall x1 |
| 12:49 | Gabi · wall_segment Palisade Wall x1 |
| 12:55 | Gabi · wall_segment Palisade Wall x1 |
| 12:58 | Gabi · wall_segment Palisade Wall x1 |
| 13:05 | Gabi · wall_segment Palisade Wall x1 |
| 13:06 | Gabi · wall_segment Palisade Wall x1 |
| 13:55 | Gabi · wall_segment Palisade Wall x1 |
| 14:23 | Gabi · first_building Archery Range |
| 14:54 | DS_StonePleaseAoE · wall_segment Palisade Wall x5 |
| 15:16 | DS_StonePleaseAoE · wall_segment Palisade Wall x4 |
| 15:20 | DS_StonePleaseAoE · wall_segment Palisade Wall x10 |
| 17:32 | DS_StonePleaseAoE · first_building Stable |
| 19:06 | DS_StonePleaseAoE · wall_segment Palisade Wall x1 |
| 19:19 | DS_StonePleaseAoE · wall_segment Palisade Wall x1 |
| 21:24 | Gabi · wall_segment Palisade Wall x7 |
| 21:32 | Gabi · first_market_buy 100 food |
| 21:50 | Gabi · first_market_sell 100 wood |
| 23:04 | DS_StonePleaseAoE · age_up castle |
| 23:21 | Gabi · wall_segment Palisade Wall x10 |
| 24:01 | Gabi · wall_segment Palisade Wall x1 |
| 24:37 | Gabi · age_up castle |
| 25:59 | DS_StonePleaseAoE · first_building Siege Workshop |
| 26:49 | Gabi · first_building Monastery |
| 28:15 | DS_StonePleaseAoE · wall_segment Palisade Wall x1 |
| 31:43 | DS_StonePleaseAoE · first_market_sell 100 food |
| 31:44 | DS_StonePleaseAoE · first_market_buy 100 wood |
| 34:44 | DS_StonePleaseAoE · first_building Monastery |
| 38:08 | DS_StonePleaseAoE · wall_segment Stone Wall x1 |
| 38:09 | DS_StonePleaseAoE · wall_segment Stone Wall x1 |
| 38:16 | DS_StonePleaseAoE · wall_segment Stone Wall x1 |
| 38:21 | DS_StonePleaseAoE · wall_segment Stone Wall x1 |
| 38:42 | Gabi · first_building Castle |
| 39:28 | DS_StonePleaseAoE · age_up imperial |
| 39:39 | Gabi · resign |
[ AI ANALYSIS · 1 CREDIT ]
What really happened in this match?
Wolo.gg analyzes every decision: build order, eco, micro, common mistakes by bracket. Personalized analysis on WhatsApp or Discord in 30 seconds.
Civ guide
Saracens
Perfil
Gabi